 Dungeon Crawl Stone Soup version 0.30-a0-341-g682706514a (webtiles) character file.

Game seed: 9714681874951119730

95 retardedninja the Trooper (level 4, -2/41 HPs)
             Began as a Hill Orc Fighter on Nov 2, 2022.
             Slain by a gnoll
             ... wielding a +0 halberd
              (12 damage)
             ... on level 2 of the Dungeon.
             The game lasted 00:03:00 (1625 turns).

retardedninja the Trooper (Hill Orc Fighter)        Turns: 1625, Time: 00:03:00

Health: -2/41      AC:  8    Str: 20    XL:     4   Next: 65%
Magic:  4/4        EV:  9    Int:  8    God:
Gold:   62         SH:  4    Dex: 10    Spells: 3/3 levels left

rFire   . . .      SeeInvis .    a - +0 war axe
rCold   . . .      Faith    .    c - +0 buckler {stlth++++++++++++++++++++++++++++++++++++++++++++++++++++++}
rNeg    . . .      Spirit   .    b - +0 scale mail
rPois   .          Reflect  .    (no helmet)
rElec   .          Harm     .    (no cloak)
rCorr   .          Rampage  .    g - +0 pair of gloves {+1000000000000 strength}
Will    .....                    (no boots)
Stlth   ..........               (no amulet)
HPRegen 0.26/turn                (no ring)
MPRegen 0.09/turn                (no ring)

@: no status effects
A: no striking features
a: no special abilities


You were on level 2 of the Dungeon.
You visited 1 branch of the dungeon, and saw 3 of its levels.

You collected 62 gold pieces.

Inventory:

Hand Weapons
 a - a +0 war axe (weapon)
Armour
 b - a +0 scale mail (worn)
 c - a +0 buckler (worn) {stlth++++++++++++++++++++++++++++++++++++++++++++++++++++++}
 g - a +0 pair of gloves (worn) {+1000000000000 strength}
Scrolls
 e - a scroll of identify {unknown}
 l - a scroll of silence {unknown}
 n - a scroll of brand weapon {unknown}
 o - a scroll of poison {unknown}
 p - a scroll of fog {unknown}
Potions
 d - a potion of might
 f - a potion of invisibility {unknown}
 h - a potion of attraction {unknown}
 i - a potion of heal wounds {unknown}
 j - a potion of berserk rage {unknown}
 k - a potion of lignification {unknown}
 m - a potion of haste


   Skills:
 + Level 4.4 Fighting
 + Level 3.8 Axes
 + Level 4.0 Armour
 + Level 4.1 Shields


You had 3 spell levels left.
You didn't know any spells.
Your spell library was empty.

Dungeon Overview and Level Annotations

Branches:
Dungeon (3/15)

Altars:


Message History

The gnoll is heavily wounded.
The gnoll hits you with a +0 spear. The gnoll barely misses you.
You barely miss the gnoll.
The gnoll is heavily wounded.
The gnoll hits you with a +0 spear!
You hit the gnoll.
The gnoll is almost dead.
You block the gnoll's attack. The gnoll hits you with a +0 spear.
You closely miss the gnoll.
The gnoll is almost dead.
You block the gnoll's attack.
You hit the gnoll but do no damage.
The gnoll is severely wounded.
You block the gnoll's attack.
You hit the gnoll.
The gnoll is almost dead.
The gnoll hits you with a +0 spear. The gnoll barely misses you.
You closely miss the gnoll.
The gnoll is almost dead.
The gnoll hits you but does no damage.
You hit the gnoll but do no damage.
The gnoll is almost dead.
You block the gnoll's attack.
You slash the gnoll!
You kill the gnoll!
Things that are here:
a +0 spear; a gnoll corpse The gnoll hits you but does no damage.
You hit the gnoll.
The gnoll is moderately wounded.
You block the gnoll's attack.
You barely miss the gnoll.
The gnoll is moderately wounded.
The gnoll hits you with a +0 halberd.
You hit the gnoll.
The gnoll is heavily wounded.
The gnoll hits you with a +0 halberd!
* * * LOW HITPOINT WARNING * * *
The gnoll hits you with a +0 halberd!
You die...

#.##.###.# ##'##.#
####.##.#
#.<.†....# #.##.#
#.......#
####.##### #.##.#
#.##.#### #...####
##.##.###.##.#
#.#..)..#
####...#........#
##.#.##.#
#.......####.####
##.###.#
#.##...#####.# ##
#.# #.#..g.......#
#.###....@.#######
#..........#
#####......#
#####.##
##########)#
#..........#
###.#######..#
#####.#.##### #..#
.....#......###..#


You could see a gnoll.

Vanquished Creatures
  An adder (D:2)
  3 gnolls (D:2)
  2 worms
  3 dart slugs (D:1)
  7 bats
  4 endoplasms
  A giant cockroach (D:1)
  3 goblins
  3 hobgoblins
  4 jackals (D:1)
  3 quokkas
  4 frilled lizards
  3 kobolds
  3 rats (D:1)
44 creatures vanquished.

Notes
Turn   | Place    | Note
-------+----------+-------------------------------------------
     0 | D:1      | retardedninja the Hill Orc Fighter began the quest for the
                  | Orb.
     0 | D:1      | Reached XP level 1. HP: 19/19 MP: 1/1
    41 | D:1      | Reached XP level 2. HP: 26/27 MP: 2/2
   361 | D:1      | Reached XP level 3. HP: 33/33 MP: 3/3
  1063 | D:2      | Reached XP level 4. HP: 40/40 MP: 4/4
  1625 | D:2      | Slain by a gnoll

Illustrated notes

Levels and vault maps discovered:
D:1:      mainiacjoe_arrival_reflecting_pool, layout_basic
D:2:      layout_loops_corners, ebering_ecumenical_altar_abandoned, basic_altar,
          grunt_ministairs_8, nrook_uturn, uniq_natasha
D:3:      layout_loops_corners

Skill      XL: |  1  2  3  4 |
---------------+-------------+-----
Axes           | 3 |  3.8
Fighting       | 4 |  4.4
Shields        | 4 |  4.1
Armour         | 4 |  4.0

Action                   |  1- 3 |  4- 6 || total
-------------------------+-------+-------++-------
Melee: War axe           |   103 |    28 ||   131
  Use: Potion            |       |     1 ||     1
Armor: Scale mail        |    67 |     8 ||    75
Dodge: Dodged            |    44 |    25 ||    69
Block: Buckler           |    23 |     5 ||    28

Table legend: (Time is in decaauts)
 A = Elapsed time spent in this place.
 B = Non-inter-level travel time spent in this place.
 C = Inter-level travel time spent in this place.
 D = Time resting spent in this place.
 E = Time spent auto-exploring this place.
 F = Levels seen in this place.
 G = Mean time per level.
                   A        B        C        D        E       F      G
               +--------+--------+--------+--------+--------+-----+--------+
         Total |   1653 |   1641 |     12 |    422 |    854 |   3 |  551.0 |
       Dungeon |   1653 |   1641 |     12 |    422 |    854 |   3 |  551.0 |
               +--------+--------+--------+--------+--------+-----+--------+

Top non-repeatable levels by time:
     D:1: 655 daAuts
     D:2: 555 daAuts
     D:3: 442 daAuts
